AoeStats
← [La14]Uvita

Arabia

509535539Analyzed
1v1 RM · 6d ago on Sep 27, 2026· 45m 22s· 2 players
Game mode
Random Map
Map size
Tiny (2 player)
Population
200
Speed
Normal
Resources
Standard
Victory
Conquest
Starting age
Dark Age
Ending age
Imperial Age
RankedLock teamsTeams togetherTeam positionsShared explorationLock speedFull tech treeHidden civsTurbo modeCheats
Victory
Defeat
🇵🇪 Bulgarians · Peru
948
+15
🇦🇷 Magyars · Argentina
923
-15
[La14]Uvita
7:14 Loom
10:20 Feudal Age
11:21 Double-Bit Axe
11:20 Horse Collar
15:25 Scale Barding Armor
19:26 Fletching
24:42 Castle Age
23:38 Gold Mining
24:46 Crossbowman
25:42 Bloodlines
26:05 Padded Archer Armor
27:35 Husbandry
28:45 Leather Archer Armor
31:35 Chain Barding Armor
32:29 Bodkin Arrow
34:57 Town Watch
35:56 Wheelbarrow
36:19 Stone Mining
37:56 Ballistics
40:21 Heavy Plow
40:38 Bow Saw
43:29 Murder Holes
43:52 Light Cavalry
Fer1024
5:54 Loom
12:24 Feudal Age
14:34 Arson
26:07 Castle Age
24:58 Double-Bit Axe
25:15 Gold Mining
26:40 Fletching
27:36 Squires
27:00 Pikeman
29:20 Elite Skirmisher
30:52 Gambesons
33:52 Forging
33:44 Scale Mail Armor
34:49 Iron Casting
34:50 Stone Mining
36:31 Thumb Ring
39:09 Scale Barding Armor
39:00 Bodkin Arrow
39:48 Wheelbarrow
40:12 Chain Barding Armor
Connection lost

Rejoining the realm…

Still unreachable

The connection could not be restored.

Session expired

The server has moved on; the page needs a fresh start.